 Dungeon Crawl Stone Soup version 0.18.1-8-gdd0e5ea (webtiles) character file.

117 KrisztiCat the Conjurer (level 4, -8/24 HPs)
             Began as a Deep Elf Conjurer on June 4, 2016.
             Mangled by Sigmund
             ... wielding a +0 scythe
              (13 damage)
             ... on level 3 of the Dungeon.
             The game lasted 00:18:29 (1731 turns).

KrisztiCat the Conjurer (Deep Elf Conjurer)         Turns: 1731, Time: 00:18:29

Health: -8/24      AC:  2    Str:  5    XL:     4   Next: 71%
Magic:  6/11       EV: 13    Int: 21    God:
Gold:   181        SH:  0    Dex: 15    Spells: 2 memorised, 5 levels left

rFire  . . .     SeeInvis .     (no weapon)
rCold  . . .     Gourm    .     a - +0 robe
rNeg   . . .     Faith    .     (no shield)
rPois  .         Spirit   .     (no helmet)
rElec  .         Dismiss  .     (no cloak)
rCorr  .         Reflect  .     (no gloves)
SustAt .         Harm     +     (no boots)
MR     .....                    t - amulet of harm
Stlth  +.........               (no ring)
                                (no ring)

@: confused, not resistant to hostile enchantments, very unstealthy
A: no striking features
a: no special abilities


You were on level 3 of the Dungeon.
You were not hungry.

You visited 1 branch of the dungeon, and saw 4 of its levels.

You collected 181 gold pieces.

Inventory:

Missiles
 g - 4 javelins of returning (quivered)
Armour
 a - a +0 robe (worn)
Jewellery
 t - an amulet of harm (around neck)
Wands
 h - a wand of flame (20/48)
Scrolls
 d - a scroll of random uselessness {unknown}
 e - a scroll of noise {unknown}
 k - 3 scrolls of teleportation {unknown}
 l - 2 scrolls of fog {unknown}
 n - a scroll of remove curse {unknown}
 p - a scroll of amnesia {unknown}
 r - a scroll of enchant armour {unknown}
 s - a scroll of identify {unknown}
 v - a scroll of fear {unknown}
Potions
 j - a potion of heal wounds {unknown}
 m - a potion of agility {unknown}
 q - a potion of degeneration {unknown}
 w - a potion of curing {unknown}
Books
 b - a book of Conjurations

   Spells                             Type                      Level
   a - Magic Dart                     Conjuration                  1
   b - Searing Ray                    Conjuration                  2
   c - Dazzling Spray                 Conjuration/Hexes            3
   d - Fulminant Prism                Conjuration/Hexes            4
   e - Iskenderun's Mystic Blast      Conjuration                  4
   f - Iskenderun's Battlesphere      Conjuration/Charms           5
Comestibles
 c - 2 bread rations
 f - a beef jerky
 i - a royal jelly
 o - a meat ration
 u - a chunk of flesh


   Skills:
 - Level 2.7 Dodging
 - Level 2.6 Stealth
 - Level 3.5 Spellcasting
 + Level 6.4 Conjurations


You had 5 spell levels left.
You knew the following spells:

 Your Spells              Type           Power        Failure   Level  Hunger
a - Magic Dart            Conj           ####         1%          1    None
b - Iskenderun's Mystic   Conj           ####....     12%         4    ####...


Dungeon Overview and Level Annotations

Branches:
Dungeon (4/15)
 Temple: D:4-7

Altars:

Annotations:
D:3 Sigmund


Message History

The magic dart hits Sigmund.
Sigmund is moderately wounded.
Sigmund gestures wildly while chanting.
Sigmund flickers and vanishes!
Deactivating autopickup; reactivate with Ctrl-A.
Casting: Magic Dart
Confirm with . or Enter, or press ? or * to list all spells.
Aiming: Magic Dart
Press: ? - help, Shift-Dir - straight line The magic dart hits something.
You are confused.
Something hits you!
You're too confused to cast spells.
You're too confused!
The orc hits you with a flail of protection!
Ouch! That really hurt!
* * * LOW HITPOINT WARNING * * *
Something hits you!
Ouch! That really hurt!
You die...

##### #....#..##....# #
####### #..(.#..#l....#
......# ######..#<....#
#####.######### #..##.)..#
..........†....###..#.....#
#####(########..##..#.#####
#.# ##.##..#.#
#.########......#.# ###
#...........@.....# $..
#..........o......# ...
#............!....#
...##.........##......#
..............##..###.#
..........#######.## .#
..........# ##..## #
.......###### .....#
##.....#....###.....#[


You could see an orc.

Vanquished Creatures
  Ijyb (D:3)
  5 adders
  4 dart slugs
  3 giant geckos (D:1)
  8 goblins
  5 hobgoblins
  4 kobolds
  A quokka (D:2)
  5 bats
  2 giant newts
  2 rats
40 creatures vanquished.

Notes
Turn   | Place    | Note
--------------------------------------------------------------
     0 | D:1      | KrisztiCat the Deep Elf Conjurer began the quest for the Orb.
     0 | D:1      | Reached XP level 1. HP: 10/10 MP: 6/6
   147 | D:1      | Reached XP level 2. HP: 15/15 MP: 6/8
   232 | D:1      | You fall through a shaft!
   261 | D:2      | Reached skill level 5 in Conjurations
   479 | D:1      | Reached XP level 3. HP: 19/19 MP: 6/9
  1121 | D:2      | Reached XP level 4. HP: 24/24 MP: 6/11
  1127 | D:2      | Learned a level 4 spell: Iskenderun's Mystic Blast
  1492 | D:3      | Noticed Sigmund
  1616 | D:3      | Reached skill level 6 in Conjurations
  1675 | D:3      | Noticed Ijyb
  1680 | D:3      | Killed Ijyb
  1731 | D:3      | Mangled by Sigmund

Skill      XL: |  1  2  3  4 |
---------------+-------------+-----
Conjurations   | 5 6 |  6.4
Dodging        | |  2.7
Stealth        | |  2.6
Spellcasting   | |  3.5

Action                   |  1- 3 |  4- 6 || total
-------------------------+-------+-------++-------
 Cast: Magic Dart        |    51 |    23 ||    74
       Iskenderun's Myst |       |     7 ||     7
  Eat: Chunk             |       |     4 ||     4
Armor: Robe              |     1 |     1 ||     2
Dodge: Dodged            |     3 |     3 ||     6
